 Dungeon Crawl Stone Soup version bcrawl-1.14.1-2-g116eac945c (webtiles) character file.

Game seed: 7069554537836602521

1754 MisterOstroum the Thaumaturge (level 8, -11/42 HPs)
             Began as a Spriggan Enchanter on Sept 18, 2019.
             Was an Initiate of Ashenzari.
             Shot with an arrow by a centaur (15 damage)
             ... on level 6 of the Dungeon.
             The game lasted 00:45:19 (7205 turns).

MisterOstroum the Thaumaturge (Spriggan Enchanter)  Turns: 7205, Time: 00:45:20

Health: -11/42     AC:  2    Str:  4    XL:     8   Next: 78%
Magic:  21/21      EV: 18    Int: 19    God:    Ashenzari [......]
Gold:   396        SH:  0    Dex: 16    Spells: 15/24 levels left

rFire    . . .     SeeInvis +   x - +1 dagger
rCold    . . .     Gourm    +   (shield restricted)
rNeg     + . .     Faith    .   l - +0 robe (curse)
rPois    .         Spirit   .   (helmet restricted)
rElec    +         Reflect  .   (no cloak)
rCorr    .         Harm     .   (gloves unavailable)
MR       +....                  (boots unavailable)
Stlth    +++.......             D - amulet of the gourmand (curse)
HPRegen  0.14/turn              p - ring of positive energy (curse)
MPRegen  0.17/turn              n - ring of insulation (curse)

@: very quick
A: very small, unfitting armour, see invisible, herbivore, speed 3, slow
metabolism 2
a: Curse Item, Renounce Religion


You were on level 6 of the Dungeon.
You worshipped Ashenzari.
Ashenzari was noncommittal.
You were not hungry.

You visited 2 branches of the dungeon, and saw 7 of its levels.

You collected 485 gold pieces.
You spent 89 gold pieces at shops.

Inventory:

Hand Weapons
 a - the +8 rapier of Tender Mercy {flame, Dex+2}
   (You found it on level 5 of the Dungeon)

   It has been specially enchanted to burn those struck by it, causing extra
   injury to most foes and up to half again as much damage against particularly
   susceptible opponents.
   It affects your dexterity (+2).
 b - a +0 hunting sling
 x - a +1 dagger (weapon)
Missiles
 f - 1907 stones (quivered)
 m - 156 sling bullets
 z - 94 exploding tomahawks
 A - 114 bolts
Armour
 l - a cursed +0 robe (worn)
Jewellery
 n - a cursed ring of insulation (right hand)
 p - a cursed ring of positive energy (left hand)
 D - a cursed amulet of the gourmand (around neck)
Scrolls
 d - a scroll of fog {!r}
 h - a scroll of immolation
 i - 5 scrolls of amnesia
 o - a scroll of fear {unknown}
 q - 2 scrolls of teleportation
 t - a scroll of torment {unknown}
 u - 2 scrolls of identify {@r1}
 v - a scroll of blinking {unknown}
 y - a scroll of brand weapon {unknown}
 C - a scroll of remove curse {unknown}
Potions
 c - 2 potions of might
 g - a potion of haste {unknown}
 j - a potion of heal wounds {unknown}
 k - a potion of degeneration {unknown}
 r - a potion of magic
 s - a potion of berserk rage {unknown}
 w - 2 potions of curing {unknown}
 B - a potion of mutation {unknown}
Comestibles
 e - 7 rations {!d}


   Skills:
 - Level 4.1 Fighting
 + Level 5.7 Short Blades
 - Level 3.0 Dodging
 - Level 6.0 Stealth
 - Level 8.5 Spellcasting
 * Level 6.5 Hexes
 + Level 2.1 Ice Magic


You had 15 spell levels left.
You knew the following spells:

 Your Spells              Type           Power        Failure   Level  Hunger
a - Corona                Hex            ####...      1%          1    None
b - Ensorcelled Hibernat  Hex/Ice        ###...       2%          2    None
c - Confuse               Hex            ####....     1%          3    None
d - Tukima's Dance        Hex            ####....     1%          3    None

Your spell library contained the following spells:

 Spells                   Type           Power        Failure   Level  Hunger
 Dazzling Spray           Conj/Hex       ###...       7%          3    None


Dungeon Overview and Level Annotations

Branches:
Dungeon (6/12)             Temple (1/1) D:5

Altars:
Ashenzari
Elyvilon
Fedhas
Gozag
Hepliaklqana
Kikubaaqudgha
Makhleb
Nemelex Xobeh
Okawaru
Qazlal
Ru
Trog
Uskayaw
Vehumet
Wu Jian
Zin
The Shining One

Shops:
D:4 *

Annotations:
D:2 Sigmund
D:3 3 runed translucent doors, exclusions: 2 doors and 4 more exclusions, DawwaD's ghost, amateur HuWn


Innate Abilities, Weirdness & Mutations

You are very small and have problems with some larger weapons.
You are too small for most types of armour.
You have supernaturally acute eyesight. (SInv)
You are a herbivore.
You cover ground extremely quickly.
You need to consume almost no food.


Message History

a +0 giant spiked club; an ogre corpse You see here an adder skeleton.
You open the door.
There is an open door here.
Found a stone staircase leading down.
Found 111 arrows.
e - 6 rations {!d} (gained 1)
You see here 111 arrows.
There is a stone staircase leading down here.
f - 1907 stones (gained 119)
Found a white marble altar of Elyvilon.
There is an open door here.
e - 7 rations {!d} (gained 1)
Things that are here:
a +0 giant spiked club; an ogre corpse
There is an escape hatch in the ceiling here.
There is an open door here.
The centaur is too close now for your liking.
You close the door.
Press: ? - help, . - travel You can't see that place. [a stone staircase leading up.]
Found an escape hatch in the floor.
Found 185 bolts.
There is a stone staircase leading up here.
You climb upwards.
There is a stone staircase leading down here.
There is a staircase to the Ecumenical Temple here.
You climb downwards.
Welcome to the Ecumenical Temple!
Found eleven altars.
There is a staircase back to the Dungeon here.
There is a hide-covered altar of Uskayaw here.
Done exploring.
There is a staircase back to the Dungeon here.
There is a shattered altar of Ashenzari here.
You kneel at the altar of Ashenzari.
Ashenzari welcomes you!
You can now curse your items.
Curse which item? (Esc to abort) (? for menu, Esc to quit)
Okay, then.
Unknown command.
Press < or > to pray at altars.
Curse which item? (Esc to abort) (? for menu, Esc to quit)
Your +0 robe glows black for a moment.
Curse which item? (Esc to abort) (? for menu, Esc to quit)
Your ring of insulation glows black for a moment.
Curse which item? (Esc to abort) (? for menu, Esc to quit)
Your ring of positive energy glows black for a moment.
You are partially bound in jewellery.
You are slightly bound.
Search for what [? for help]? amulet
There is a staircase back to the Dungeon here.
You climb upwards.
Welcome back to the Dungeon!
There is a staircase to the Ecumenical Temple here.
There is a stone staircase leading down here.
You climb downwards.
There is a stone staircase leading up here.
The centaur wields a +0 shortbow.
The centaur shoots an arrow.
The arrow barely misses you.
You see here an uncursed club.
The centaur shoots an arrow.
The arrow misses you.
The centaur shoots an arrow.
The arrow barely misses you.
There is a stone staircase leading up here.
You climb upwards.
There is a stone staircase leading down, spattered with blood here.
Search for what [Enter for "amulet", or ? for help]?
(D) Dungeon (T) Temple
Where to? (Enter - D:4 @ (x,y), ? - help)
There is a stone staircase leading up here.
You climb upwards.
There is a stone staircase leading down here.
Search for what [Enter for "amulet", or ? for help]?
You see here an uncursed amulet of the gourmand.
Throwing (i - inventory. (/) - cycle)
f - 1907 stones (quivered)
Press: ? - help, Shift-Dir - straight line, f - you
Okay, then.
D - an uncursed amulet of the gourmand Put on which piece of jewellery? (? for menu, Esc to quit)
After a brief, frighteningly intense craving, your appetite remains unchanged.
D - an amulet of the gourmand (around neck) Curse which item? (Esc to abort) (? for menu, Esc to quit)
Your amulet of the gourmand glows black for a moment.
You are fully bound in jewellery.
(D) Dungeon (T) Temple
Where to? (Enter - D:4 @ (x,y), ? - help)
There is a stone staircase leading down here.
You climb downwards.
There is a stone staircase leading up here.
(D) Dungeon (T) Temple
Where to? (Enter - D:5, ? - help)
Okay, then.
(D) Dungeon (T) Temple
Where to? (Enter - D:5, ? - help)
There is a stone staircase leading down, spattered with blood here.
You climb downwards.
The centaur shoots an arrow.
The arrow hits you!
The centaur shoots an arrow.
The arrow hits you!
There is a stone staircase leading up, spattered with blood here.
The centaur shoots an arrow.
The arrow hits you!
* * * LOW HITPOINT WARNING * * *
The centaur shoots an arrow.
The arrow hits you!
You die...

#......................
#.#####################
#.##..†..............#
#.##.###########..##.#
###########.##..............##.#
#........##.##..###########.##.##
#........##.##..# #.##...
#........##.##..### #.##..#
............##..@.#########.##..#
.........#.#.#.#.#.#.#.#>.......#
#.#.#+#.#.#.#.#.#.#.#'#...#.....#
.#.#.#.#.#.#.#.#.#.#.......†.#...
#.#.#.#.#.#.#.#.#.#'..)....†.<..#
.#.#.#.#.#.#c#.#.#.#.....##....##
#.#.#.#.#.#.#...#.#.#'#'###.#..##
.#.#.#.#.#.#+...'#.#.#.#.......#
#.#.#.#.#.#.#...#.#.#.#.###.#.##


You could see a centaur.

Vanquished Creatures
  A two-headed ogre (D:6)
  A hippogriff (D:6)
  2 ogres
  A bullfrog (D:6)
  2 scorpions
  A crimson imp (D:3)
  2 orc wizards
  A bullfrog skeleton (D:4)
  3 centaur skeletons
  An iguana (D:5)
  Jessica (D:2)
  5 worker ants
  A hound zombie (D:5)
  A worker ant zombie (D:6)
  5 adders
  4 gnolls (D:3)
  3 oozes (D:1)
  An adder skeleton (D:4)
  6 worms
  4 leopard geckos
  11 orcs
  3 giant cockroaches
  6 goblins
  5 hobgoblins
  8 jackals
  3 quokkas
  3 ball pythons
  11 bats
  4 frilled lizards
  3 kobolds
  A quokka zombie (D:6)
  8 rats
112 creatures vanquished.

Notes
Turn   | Place    | Note
-------+----------+-------------------------------------------
     0 | D:1      | MisterOstroum the Spriggan Enchanter began the quest for
                  | the Orb.
     0 | D:1      | Reached XP level 1. HP: 9/9 MP: 5/5
    44 | D:1      | Reached skill level 5 in Stealth
   723 | D:1      | Reached XP level 2. HP: 12/13 MP: 4/6
   753 | D:1      | Learned a level 2 spell: Ensorcelled Hibernation
  1006 | D:1      | Reached skill level 3 in Spellcasting
  1387 | D:1      | Reached XP level 3. HP: 16/16 MP: 3/9
  1939 | D:2      | Noticed Sigmund
  2234 | D:2      | Noticed Jessica
  2239 | D:2      | Killed Jessica
  2239 | D:2      | Reached skill level 1 in Fighting
  2239 | D:2      | Reached skill level 4 in Spellcasting
  2239 | D:2      | Reached XP level 4. HP: 22/22 MP: 9/11
  2452 | D:2      | Found an ornate altar of the Wu Jian Council.
  2484 | D:2      | Learned a level 3 spell: Confuse
  2488 | D:2      | Learned a level 3 spell: Tukima's Dance
  2538 | D:2      | Found a radiant altar of Vehumet.
  3251 | D:3      | Reached XP level 5. HP: 26/26 MP: 5/12
  3399 | D:3      | Reached skill level 1 in Ice Magic
  3732 | D:3      | Found a runed translucent gate.
  3732 | D:3      | Found a runed translucent gate.
  3733 | D:3      | Found a runed translucent gate.
  3737 | D:3      | Noticed DawwaD's ghost (amateur HuWn)
  3809 | D:4      | Reached skill level 5 in Spellcasting
  4057 | D:4      | Found Ekhir's Assorted Antiques.
  4062 | D:4      | Found a blossoming altar of Fedhas.
  4063 | D:4      | Found a stormy altar of Qazlal.
  4066 | D:4      | Reached XP level 6. HP: 30/30 MP: 15/15
  4160 | D:4      | Bought a sedimented orange potion for 27 gold pieces
  4160 | D:4      | Bought a scroll labeled KIYPOAFRUKK for 31 gold pieces
  4160 | D:4      | Bought a scroll labeled KAOPSU ISMO for 31 gold pieces
  4751 | D:4      | Reached skill level 6 in Spellcasting
  4764 | D:4      | Found an ancient bone altar of Kikubaaqudgha.
  4851 | D:5      | Entered Level 5 of the Dungeon
  4854 | D:5      | Reached skill level 7 in Spellcasting
  4928 | D:5      | Reached XP level 7. HP: 32/35 MP: 15/18
  5235 | D:5      | Got a twisted rapier
  5236 | D:5      | Identified the +8 rapier of Tender Mercy {flame, Dex+2}
                  | (You found it on level 5 of the Dungeon)
  5701 | D:5      | Found a staircase to the Ecumenical Temple.
  5969 | D:3      | Found a runed door.
  6152 | D:6      | Noticed a hippogriff
  6177 | D:6      | Killed a hippogriff
  6177 | D:6      | Reached skill level 8 in Spellcasting
  6337 | D:6      | Noticed a two-headed ogre
  6401 | D:6      | Killed a two-headed ogre
  6401 | D:6      | Reached skill level 5 in Short Blades
  6401 | D:6      | Reached XP level 8. HP: 32/42 MP: 13/21
  6949 | D:6      | Found a white marble altar of Elyvilon.
  7054 | Temple   | Entered the Ecumenical Temple
  7073 | Temple   | Became a worshipper of Ashenzari the Shackled
  7205 | D:6      | Shot with an arrow by a centaur

Skill      XL: |  1  2  3  4  5  6  7  8 |
---------------+-------------------------+-----
Stealth        | 5 6 |  6.0
Spellcasting   | 3 4 5 7 8 |  8.5
Hexes          | 4 6 |  6.5
Fighting       | 1 2 3 4 |  4.1
Ice Magic      | 2 |  2.1
Short Blades   | 5 |  5.7
Dodging        | |  3.0

Action                   |  1- 3 |  4- 6 |  7- 9 || total
-------------------------+-------+-------+-------++-------
Melee: Dagger            |   149 |   135 |     6 ||   290
       Rapier            |       |       |    44 ||    44
 Fire: Hunting sling     |       |    28 |     4 ||    32
Throw: Stone             |     8 |     6 |     2 ||    16
 Cast: Corona            |    22 |    23 |     2 ||    47
       Ensorcelled Hiber |    10 |    27 |    30 ||    67
       Confuse           |       |     3 |     7 ||    10
Invok: Curse Item        |       |       |     4 ||     4
  Use: Scroll            |       |     6 |       ||     6
 Stab: Sleeping          |    17 |    28 |    17 ||    62
       Confused          |       |     1 |     2 ||     3
       Distracted        |       |       |     2 ||     2
  Eat: Ration            |       |     1 |     1 ||     2
Armor: Robe              |    17 |     7 |     1 ||    25
Dodge: Dodged            |   134 |   132 |    38 ||   304
